 Dungeon Crawl Stone Soup version 0.26.1-11-gd32895ea62 (webtiles) character file.

Game seed: 7160882459154159197

488 Exodus22XD the Chopper (level 7, 0/61 HPs)
             Began as a Hill Orc Monk on Apr 27, 2021.
             Was a Believer of Beogh.
             Slain by a centaur (6 damage)
             ... on level 5 of the Dungeon.
             The game lasted 00:04:52 (5080 turns).

Exodus22XD the Chopper (Hill Orc Monk)              Turns: 5080, Time: 00:04:53

Health: 0/61       AC:  8    Str: 16    XL:     7   Next: 13%
Magic:  7/7        EV: 10    Int: 10    God:    Beogh [**....]
Gold:   149        SH:  0    Dex: 13    Spells: 6/6 levels left

rFire    . . .     SeeInvis .   a - +0 hand axe
rCold    . . .     Faith    .   (no shield)
rNeg     . . .     Spirit   .   g - +0 scale mail
rPois    .         Reflect  .   (no helmet)
rElec    .         Harm     .   (no cloak)
rCorr    .         Rampage  .   (no gloves)
Will     .....                  d - +0 pair of boots
Stlth    ..........             (no amulet)
HPRegen  0.20/turn              (no ring)
MPRegen  0.10/turn              (no ring)

@: lethally poisoned (0 -> -1), hasted, very quick
A: no striking features
a: Renounce Religion, Smiting


You were on level 5 of the Dungeon.
You worshipped Beogh.
Beogh was pleased with you.
You visited 1 branch of the dungeon, and saw 5 of its levels.

You collected 149 gold pieces.

Inventory:

Hand Weapons
 a - a +0 hand axe (weapon)
Armour
 d - a +0 pair of boots (worn)
 g - a +0 scale mail (worn)
Scrolls
 b - 3 scrolls of teleportation
 e - a scroll of remove curse
 f - 2 scrolls of blinking
 h - a scroll of fog
 l - a scroll of fear {unknown}
Potions
 i - a potion of lignification
 j - a potion of brilliance {unknown}
 k - a potion of berserk rage {unknown}
 m - a potion of flight {unknown}


   Skills:
 + Level 5.2 Fighting
 + Level 7.3 Axes
 * Level 4.6 Armour
 - Level 2.4 Dodging
 - Level 1.5 Stealth
 * Level 0.7 Invocations


You had 6 spell levels left.
You didn't know any spells.
Your spell library was empty.

Dungeon Overview and Level Annotations

Branches:
Dungeon (5/15)             Temple (0/1) D:4

Altars:
Cheibriados
Elyvilon
Gozag
Qazlal
Yredelemnul


Message History

The centaur is moderately wounded.
The centaur hits you!
* * * LOW HITPOINT WARNING * * *
The centaur hits you but does no damage.
Unknown command.
You closely miss the centaur.
The centaur is moderately wounded.
The centaur hits you but does no damage.
Unknown command.
You hit the centaur.
The centaur is heavily wounded.
The centaur barely misses you.
You hit the centaur but do no damage.
The centaur is heavily wounded.
You feel sick. The centaur hits you.
* * * LOW HITPOINT WARNING * * *
The centaur hits you!
* * * LOW HITPOINT WARNING * * *
You feel yourself speed up. The centaur hits you.
You die...

#......+
#......#
+......#
##+###......#
#...........#
+...........#
#...........#
#....<......+
#......(@†..#
#........c..#
#.........?.#
#......#####...
#......# ....
#.###+## ... #.
.. #


You could see a centaur.

Vanquished Creatures
  An ogre (D:4)
  5 orc wizards
  4 worker ants
  8 adders
  3 oozes
  An adder skeleton (D:4)
  3 worms
  3 dart slugs
  2 leopard geckos
  11 orcs
  9 bats
  3 giant cockroaches
  5 goblins
  3 hobgoblins
  7 jackals
  7 kobolds
  3 ball pythons
  5 frilled lizards
  A leopard gecko zombie (D:5)
  9 rats
  A spectral orc (D:4)
94 creatures vanquished.

Vanquished Creatures (others)
  A bullfrog skeleton (D:4)
  An orc (D:4)
  A ball python (D:4)
3 creatures vanquished.

Grand Total: 97 creatures vanquished

Notes
Turn   | Place    | Note
-------+----------+-------------------------------------------
     0 | D:1      | Exodus22XD the Hill Orc Monk began the quest for the Orb.
     0 | D:1      | Reached XP level 1. HP: 19/19 MP: 1/1
   228 | D:1      | Reached XP level 2. HP: 24/27 MP: 2/2
   551 | D:1      | Reached skill level 1 in Armour
   767 | D:2      | Found a white marble altar of Elyvilon.
   798 | D:2      | Reached XP level 3. HP: 32/33 MP: 3/3
   957 | D:2      | Reached skill level 5 in Axes
  1171 | D:2      | Reached XP level 4. HP: 40/41 MP: 4/4
  2445 | D:3      | Reached XP level 5. HP: 38/47 MP: 5/5
  2722 | D:3      | Found a snail-covered altar of Cheibriados.
  2725 | D:3      | Found a stormy altar of Qazlal.
  2751 | D:3      | Reached skill level 6 in Axes
  3015 | D:3      | Found an opulent altar of Gozag.
  3351 | D:4      | Reached XP level 6. HP: 32/54 MP: 6/6
  3747 | D:4      | Reached skill level 5 in Fighting
  3747 | D:4      | Reached skill level 7 in Axes
  4041 | D:4      | Found a staircase to the Ecumenical Temple.
  4083 | D:4      | Became a worshipper of Beogh the Brigand
  4083 | D:4      | Reached * piety under Beogh
  4083 | D:4      | Reached ** piety under Beogh
  4093 | D:4      | Reached XP level 7. HP: 20/61 MP: 7/7
  4641 | D:4      | Found a basalt altar of Yredelemnul.
  5047 | D:5      | Entered Level 5 of the Dungeon
  5080 | D:5      | Slain by a centaur

Illustrated notes

Levels and vault maps discovered:
D:1:      onia_arrival_handbag, layout_loops_ring
D:2:      layout_loops_corners, lemuel_crystal_altar, serial_forest,
          infiniplex_forest_straight_4, infiniplex_forest_straight_2,
          infiniplex_forest_corner_1, infiniplex_forest_zigzag_2,
          infiniplex_forest_end_2, infiniplex_forest_end_2,
          infiniplex_forest_lined_room_3
D:3:      layout_rooms, gammafunk_temple_overflow_wave,
          nicolae_gozag_seed_capital
D:4:      layout_basic, grunt_temple_overflow_lords_of_destruction,
          yredelemnul_forgotten_temple_becter, minmay_temple_entry_junction
D:5:      layout_gridville

Skill      XL: |  1  2  3  4  5  6 |
---------------+-------------------+-----
Fighting       | 4 5 |  5.2
Armour         | 1 2 3 4 |  4.6
Axes           | 5 6 7 |  7.3
Dodging        | |  2.4
Stealth        | |  1.5
Invocations    | |  0.7

Action                   |  1- 3 |  4- 6 |  7- 9 || total
-------------------------+-------+-------+-------++-------
Melee: Hand axe          |   118 |   267 |    37 ||   422
Invok: Convert to Beogh  |       |     1 |       ||     1
  Use: Potion            |       |     5 |     1 ||     6
       Scroll            |       |     3 |     2 ||     5
 Stab: Sleeping          |     1 |       |       ||     1
Armor: Robe              |     5 |       |       ||     5
       Scale mail        |    50 |   145 |     9 ||   204
Dodge: Dodged            |    73 |   171 |    19 ||   263
